 Dungeon Crawl Stone Soup version 0.31.0-32-g396128a36d (webtiles) character file.

Game seed: 10489371952185663928

30 Alphaeus the Changeling (level 3, -1/18 HPs)
             Began as a Spriggan Shapeshifter on Mar 19, 2024.
             Slain by a ribbon worm (8 damage)
             ... on level 2 of the Dungeon.
             The game lasted 00:01:05 (1017 turns).

Alphaeus the Changeling (Spriggan Shapeshifter)     Turns: 1017, Time: 00:01:05

Health: -1/18      AC:  2    Str: 12    XL:     3   Next: 5%
Magic:  4/4        EV: 17    Int: 11    God:
Gold:   106        SH:  0    Dex: 14    Spells: 2/2 levels left

rFire   . .          .
                       - Unarmed
rCold   . . .        (no shield)
rNeg    . . .        a - +0 animal skin
rPois   .            (helmet currently unavailable)
rElec   .            (cloak currently unavailable)
rCorr   .            (gloves unavailable)
SInv    +            (boots unavailable)
Will    .....        (no amulet)
Stlth   +            (no ring)
HPRegen 0.23/turn    (no ring)
MPRegen 0.09/turn

%: no passive effects
@: beast-form, very quick
A: beast (slay +2), very small, no large weapons, unfitting armour, see
invisible, speed 3
a: Begin Untransformation


You were on level 2 of the Dungeon.
You were a hulking beast.
You visited 1 branch of the dungeon, and saw 2 of its levels.

You collected 106 gold pieces.

Inventory:

Armour
 a - a +0 animal skin (worn)
Jewellery
 l - an amulet of magic regeneration
Talismans
 c - a beast talisman
 d - a flux talisman
Scrolls
 g - a scroll of identify {unknown}
 h - 2 scrolls of revelation {unknown}
 i - a scroll of blinking {unknown}
 j - a scroll of summoning {unknown}
 k - a scroll of vulnerability {unknown}
Potions
 b - a potion of lignification
 e - 2 potions of heal wounds {unknown}
 f - a potion of ambrosia {unknown}


   Skills:
 + Level 1.1 Fighting
 + Level 3.1 Dodging
 * Level 2.9 Unarmed Combat
 * Level 4.5 Shapeshifting


You had 2 spell levels left.
You didn't know any spells.
Your spell library was empty.

Dungeon Overview and Level Annotations

Branches:
Dungeon (2/15)

Altars:


Innate Abilities, Weirdness & Mutations

You are a hulking beast.
Your limbs bulge with bestial killing power. (Slay +2)
You are very small and have problems with some larger weapons.
You are too small for most types of armour.
You have supernaturally acute eyesight. (SInv)
You cover ground extremely quickly. (Speed+++)


Message History

A ribbon worm comes into view.
You barely miss the goblin.
The goblin unwields a +0 sling.
The goblin wields a +0 dagger.
The goblin completely misses you.
You closely miss the goblin. The goblin misses you.
The ribbon worm expels a string of sticky webbing.
The stream of webbing hits you but does no damage.
You are caught in a web!
You are caught in a web!
You are caught in a web!
You are caught in a web!
You are caught in a web!
You are caught in a web!
You are caught in a web!
You are caught in a web!
You are caught in a web!
You are caught in a web!
You are caught in a web!
You are caught in a web!
You are caught in a web!
You are caught in a web!
You are caught in a web!
You are caught in a web!
The web tears apart.
The goblin closely misses you.
You closely miss the goblin. The goblin barely misses you.
You hit the goblin.
The goblin is moderately wounded.
The goblin hits you but does no damage.
You closely miss the goblin. The goblin completely misses you.
You hit the goblin.
The goblin is moderately wounded.
The goblin closely misses you. The ribbon worm bites you!
You hit the goblin.
You kill the goblin!
The ribbon worm bites you.
You hit the ribbon worm.
The ribbon worm is lightly wounded.
You barely miss the ribbon worm.
The ribbon worm is lightly wounded.
The ribbon worm bites you!
You die...

## .# #.#
###.####.#
...$..wh)##
.##...)...##
######.....
...##.#
#^###.#
######.....#
.#
#.......#.....
.# ..##.####.#
### .
.#...##..)...#


You could see a ribbon worm.

Vanquished Creatures
  A dart slug (D:1)
  3 endoplasms (D:1)
  A giant cockroach (D:1)
  3 goblins
  2 hobgoblins (D:1)
  5 kobolds
  2 quokkas (D:1)
  2 bats
  2 frilled lizards
  7 rats
28 creatures vanquished.

Notes
Turn   | Place    | Note
-------+----------+-------------------------------------------
     0 | D:1      | Alphaeus the Spriggan Shapeshifter began the quest for the
                  | Orb.
     0 | D:1      | Reached XP level 1. HP: 9/9 MP: 2/2
   112 | D:1      | Reached XP level 2. HP: 10/14 MP: 3/3
   147 | D:1      | Reached skill level 1 in Fighting
   224 | D:1      | Found a faded altar of an unknown god.
  1007 | D:2      | Reached XP level 3. HP: 18/18 MP: 4/4
  1017 | D:2      | Slain by a ribbon worm

Illustrated notes

Levels and vault maps discovered:
D:1:      minmay_arrival_jagged, layout_basic,
          dreamdust_ecumenical_altar_angels_and_demons
D:2:      layout_basic, basic_altar, uniq_crazy_yiuf_cottage

Skill      XL: |  1  2 |
---------------+-------+-----
Fighting       | 1 |  1.1
Dodging        | 3 |  3.1
Unarmed Combat | |  2.9
Shapeshifting  | |  4.5

Action                     || total
---------------------------++-------
  Melee: Unarmed           ||    76
   Stab: Sleeping          ||     1
 Armour: Animal skin       ||    15
  Dodge: Dodged            ||    44
